 Dungeon Crawl Stone Soup version 0.30-a0-603-g51a0fb1b98 (webtiles) character file.

Game seed: 6294913078220106563

19 Leeroy the Ruffian (level 2, -7/23 HPs)
             Began as a Draconian Transmuter on Jan 7, 2023.
             Killed from afar by Sigmund (11 damage)
             ... with a magic dart
             ... on level 2 of the Dungeon.
             The game lasted 00:01:00 (1123 turns).

Leeroy the Ruffian (Draconian Transmuter)           Turns: 1123, Time: 00:01:00

Health: -7/23      AC:  4    Str: 12    XL:     2   Next: 55%
Magic:  5/5        EV: 12    Int: 13    God:
Gold:   68         SH:  0    Dex: 11    Spells: 4/5 levels left

rFire   . . .      SeeInvis .    g - +0 short sword (speed)
rCold   . . .      Faith    .    (no shield)
rNeg    . . .      Spirit   .    (body armour unavailable)
rPois   .          Reflect  .    (helmet restricted)
rElec   .          Harm     .    (no cloak)
rCorr   .          Rampage  .    (no gloves)
Will    .....                    (no boots)
Stlth   +                        (no amulet)
HPRegen 0.23/turn                (no ring)
MPRegen 0.09/turn                (no ring)

@: no status effects
A: AC +4, unfitting armour, cold-blooded
a: no special abilities


You were on level 2 of the Dungeon.
You visited 1 branch of the dungeon, and saw 2 of its levels.

You collected 68 gold pieces.

Inventory:

Hand Weapons
 c - a +4 short sword
 g - a +0 short sword of speed (weapon)
Missiles
 b - 3 poisoned darts
Scrolls
 d - a scroll of identify {unknown}
 e - 2 scrolls of teleportation {unknown}
 f - a scroll of noise {unknown}
Potions
 a - 2 potions of lignification
 h - a potion of haste {unknown}


   Skills:
 - Level 1.1 Fighting
 - Level 1.7 Dodging
 + Level 3.9 Unarmed Combat
 - Level 2.0 Spellcasting
 - Level 2.0 Transmutations


You had 4 spell levels left.
You knew the following spells:

 Your Spells              Type           Power      Damage    Failure   Level
a - Beastly Appendage     Tmut           12%        N/A       11%         1

Your spell library contained the following spells:

 Spells                   Type           Power      Damage    Failure   Level
 Wereblood                Tmut           6%         N/A       17%         2
 Spider Form              Tmut/Pois      3%         N/A       45%         3
 Ice Form                 Ice/Tmut       3%         N/A       86%         4


Dungeon Overview and Level Annotations

Branches:
Dungeon (2/15)

Altars:

Shops:
D:1 [

Annotations:
D:2 Sigmund


Innate Abilities, Weirdness & Mutations

Your plain brown scales are hard. (AC +4)
You cannot fit into any form of body armour.
You are cold-blooded and may be slowed by cold attacks.


Message History

There is an open door here.
e - 2 scrolls labelled DUEXTI CISUSCH (gained 1) Key pressed, stopping explore.
You open the door.
There is an open door here.
There is an open door here.
You see here a +0 dagger.
Key pressed, stopping explore.
Done exploring.
No target in view!
Your movement speed is average.
Your attack delay is about 0.9.
Your damage rating with unarmed combat is about 6 (Base [3 + 3 (UC)] x 105% (Str) x 101% (Fight)).
Your hands tingle!
g - a +0 short sword of speed (weapon)
Your movement speed is average.
Your attack delay is about 0.7.
Your damage rating with your +0 short sword of speed is about 5 (Base 5 x 102% (Dex) x 101% (Skill)).
You open the door.
There is an open door here.
There is a stone staircase leading down here.
You climb downwards.
There is a stone staircase leading up here.
You now have 68 gold pieces (gained 9).
h - a gluggy blue potion Sigmund the Dreaded comes into view.
He is wielding a +0 scythe.
Sigmund shouts!
Sigmund is nearby!
Sigmund is nearby!
Sigmund gestures at you while chanting. The magic dart hits you.
Sigmund mumbles some strange words.
Sigmund flickers and vanishes!
Deactivating autopickup; reactivate with Ctrl-A.
A magic dart appears from out of thin air!
The magic dart hits you.
A puff of flame appears from out of thin air!
The puff of flame hits you!
* * * LOW HITPOINT WARNING * * *
A magic dart appears from out of thin air!
The magic dart hits you!
You die...

##########..........
#.#
.............#####
.## ##.##
.###########.# ...
...## ..# #.#
#..##... .## #.#
#..#...### ## #.#
#.@...... #.#
#.##...###
#.###############.##
#....@......{.....#
###################


There were no monsters in sight!

Vanquished Creatures
  A bat (D:1)
  An endoplasm (D:1)
  A goblin (D:1)
  3 hobgoblins (D:1)
  2 jackals (D:1)
  4 kobolds (D:1)
  A quokka (D:1)
  A frilled lizard (D:1)
  3 rats (D:1)
17 creatures vanquished.

Notes
Turn   | Place    | Note
-------+----------+-------------------------------------------
     0 | D:1      | Leeroy the Draconian Transmuter began the quest for the
                  | Orb.
     0 | D:1      | Reached XP level 1. HP: 16/16 MP: 3/3
    70 | D:1      | Found Haexamue's Armour Emporium.
   355 | D:1      | Reached XP level 2. HP: 15/23 MP: 3/5
  1109 | D:2      | Noticed Sigmund
  1123 | D:2      | Killed from afar by Sigmund

Illustrated notes

Levels and vault maps discovered:
D:1:      dpeg_arrival_arbitrary_c, layout_loops_corners, serial_shops,
          nicolae_shop_waterfront
D:2:      layout_loops_ring, uniq_sigmund

Action                   || total
-------------------------++-------
Melee: Unarmed           ||    50
       Tailslap          ||     6
       Kick              ||     5
       Headbutt          ||     3
       Punch             ||     1
 Cast: Beastly Appendage ||    12
Armor: Skin              ||    14
Dodge: Dodged            ||    30

Table legend: (Time is in decaauts)
 A = Elapsed time spent in this place.
 B = Non-inter-level travel time spent in this place.
 C = Inter-level travel time spent in this place.
 D = Time resting spent in this place.
 E = Time spent auto-exploring this place.
 F = Levels seen in this place.
 G = Mean time per level.
                   A        B        C        D        E       F      G
               +--------+--------+--------+--------+--------+-----+--------+
         Total |   1120 |   1098 |     22 |      0 |    954 |   2 |  560.0 |
       Dungeon |   1120 |   1098 |     22 |      0 |    954 |   2 |  560.0 |
               +--------+--------+--------+--------+--------+-----+--------+

Top non-repeatable levels by time:
     D:1: 1060 daAuts
     D:2: 59 daAuts
